 Dungeon Crawl Stone Soup version 0.26.0-18-gc5c842f807 (webtiles) character file.

Game seed: 17648873720298018269

520704 EnegeticOcto the Brawler (level 24, -7/224 HPs)
             Began as a Ghoul Fire Elementalist on Jan 22, 2021.
             Was the Champion of Ru.
             Killed by divine providence
             ... invoked by a royal mummy
              (12 damage)
             ... on level 3 of the Tomb of the Ancients.
             The game lasted 03:29:55 (27997 turns).

EnegeticOcto the Brawler (Ghoul Fire Elementalist) Turns: 27997, Time: 03:29:55

Health: -7/224     AC: 34    Str: 30    XL:     24   Next: 93%
Magic:  26/30      EV:  7    Int:  7    God:    Ru [******]
Gold:   3493       SH: 33    Dex:  9    Spells: 29/39 levels left

rFire    + . .     SeeInvis +     - Unarmed
rCold    + . .     Faith    .   u - +10 tower shield of Ignorance {rN+ Int-4}
rNeg     + + +     Spirit   .   c - +4 plate armour {rF+}
rPois    ∞         Reflect  .   K - +2 helmet
rElec    +         Harm     .   k - scarf {repulsion}
rCorr    .         Rampage  .   G - +5 pair of gloves of the Constellations {Will+}
Will     +++..                  P - +2 pair of boots
Stlth    ..........             r - amulet of regeneration
HPRegen  0.00/turn              T - ring "Leaddyr" {rElec SInv Stlth-}
MPRegen  0.22/turn              v - ring of Githraane {Wiz Will+ Str+8}

@: mighty, exhausted, silence (expiring), marked, hasted and slowed, studying
Spellcasting, repel missiles
A: claws 1, cold resistance 1, low mp 1, negative energy resistance 3, inhibited
regeneration, torment resistance, unbreathing, no potion heal 1, inability to
read while threatened, no stealth, hated by all, inability to train dodging, no
earth magic, no necromancy magic, no transmutations magic
}: 4/15 runes: serpentine, barnacled, slimy, silver
a: Renounce Religion


You were on level 3 of the Tomb of the Ancients.
You worshipped Ru.
Ru was exalted by your worship.
You visited 11 branches of the dungeon, and saw 51 of its levels.
You also visited: Ice Cave, Volcano and Desolation.

You collected 8193 gold pieces.
You spent 4700 gold pieces at shops.

Inventory:

Hand Weapons
 b - a +0 broad axe of electrocution
   (You took it off an orc warrior on level 11 of the Dungeon)
 D - a +2 dagger of distortion
   (You found it on level 2 of the Orcish Mines)
Missiles
 f - 14 boomerangs (quivered)
 n - 9 silver javelins
 y - 92 javelins
 A - 30 curare-tipped darts
 S - 14 silver boomerangs
 Y - 7 throwing nets {!f}
Armour
 c - a +4 plate armour of fire resistance (worn)
   (You found it on level 3 of the Elven Halls)
 k - a scarf of repulsion (worn)
   (You found it on level 5 of the Vaults)
 u - the +10 tower shield of Ignorance (worn) {rN+ Int-4}
   (You found it on level 1 of the Orcish Mines)

   It affects your intelligence (-4).
   It protects you from negative energy.
 G - the +5 pair of gloves of the Constellations (worn) {Will+}
   (You found it on level 3 of the Elven Halls)

   It affects your willpower, your defense against some magical effects.
 K - a +2 helmet (worn)
   (You found it on level 4 of the Snake Pit)
 P - a +2 pair of boots (worn)
   (You bought it in a shop on level 2 of the Orcish Mines)
Jewellery
 d - the ring of Dithmenos's Regard {rC++ Dex+6}
   (You found it on level 5 of the Vaults)

   [ring of dexterity]

   It affects your dexterity (+6).
   It greatly protects you from cold.
 r - an amulet of regeneration (around neck)
   (You found it on level 4 of the Lair of Beasts)
 v - the ring of Githraane (right hand) {Wiz Will+ Str+8}
   (You found it on level 3 of the Elven Halls)

   [ring of wizardry]

   It improves your spell success rate.
   It affects your strength (+8).
   It affects your willpower, your defense against some magical effects.
 B - the ring of Becefiykk {rF++ Int+2 Dex+6}
   (You acquired it on level 5 of the Pits of Slime)

   [ring of dexterity]

   It affects your intelligence (+2).
   It affects your dexterity (+6).
   It greatly protects you from fire.
 L - an uncursed ring of resist corrosion
   (You found it on level 5 of the Vaults)
 N - the ring of Shadows {Umbra +Inv Stlth+}
   (You found it on level 3 of the Elven Halls)

   [ring of stealth]

   It lets you turn invisible.
   It makes you more stealthy.
 T - the ring "Leaddyr" (left hand) {rElec SInv Stlth-}
   (You found it on level 5 of the Vaults)

   [ring of attention]

   It insulates you from electricity.
   It lets you see invisible.
   It makes you less stealthy.
Wands
 e - a wand of digging (13) {@v3}
   (You found it on level 1 of the Shoals)
 o - a wand of acid (20) {@v1}
   (You found it on level 6 of the Dungeon)
 x - a wand of polymorph (22)
   (You took it off Natasha on level 4 of the Dungeon)
 F - a wand of paralysis (19)
   (You bought it in a shop on level 2 of the Orcish Mines)
 M - a wand of iceblast (2) {@v2}
   (You found it on level 2 of the Vaults)
Scrolls
 a - 5 scrolls of blinking {@r4}
 l - 2 scrolls of silence
 m - 15 scrolls of teleportation {@r3 !r}
 p - 9 scrolls of fear {!r}
 t - 3 scrolls of fog {!r}
 E - 4 scrolls of magic mapping {@r5 !r}
 V - 6 scrolls of identify {@r1}
 X - 2 scrolls of vulnerability
 Z - 2 scrolls of immolation
Potions
 g - 2 potions of attraction
 i - 8 potions of flight
 j - a potion of invisibility
 s - 7 potions of cancellation
 w - 3 potions of might {@q3 !q}
 z - 14 potions of curing {@q1 !q}
 H - 4 potions of magic
 J - 4 potions of resistance
 Q - 10 potions of ambrosia {ambrosia}
 U - 5 potions of haste {@q4 !q}
Books
 h - a manual of Spellcasting
   (You found it on level 4 of the Shoals)
Miscellaneous
 q - a phial of floods
   (You found it on level 11 of the Dungeon)
 C - a condenser vane
   (You bought it in a shop on level 8 of the Dungeon)
 R - a tin of tremorstones (inert)
   (You found it on level 3 of the Shoals)


   Skills:
 - Level 20.0 Fighting
 - Level 12.0 Throwing
 - Level 15.0 Armour
 + Level 19.0 Shields
 - Level 20.0 Unarmed Combat
 - Level 8.0 Spellcasting
 - Level 0.7 Conjurations
 - Level 10.0 Translocations
 - Level 2.4 Fire Magic
 - Level 12.0 Evocations


You had 29 spell levels left.
You knew the following spells:

 Your Spells              Type           Power        Failure   Level
a - Apportation           Tloc           32%          1%          1
b - Lesser Beckoning      Tloc           8%           4%          3
c - Passage of Golubria   Tloc           N/A          16%         4
Y - Blink                 Tloc           N/A          2%          2

Your spell library contained the following spells:

 Spells                   Type           Power        Failure   Level
 Gell's Gravitas          Tloc           8%           4%          3
 Teleport Other           Tloc           16%          4%          3
 Portal Projectile        Hex/Tloc       18%          34%         3
 Foxfire                  Conj/Fire      16%          45%         1
 Corona                   Hex            2%           65%         1
 Freeze                   Ice            8%           65%         1
 Iskenderun's Mystic Bla  Conj/Tloc      10%          69%         4
 Ensorcelled Hibernation  Hex/Ice        4%           78%         2
 Slow                     Hex            2%           78%         2
 Conjure Flame            Conj/Fire      4%           80%         3
 Inner Flame              Hex/Fire       4%           85%         3
 Dazzling Flash           Conj/Hex       6%           91%         3
 Static Discharge         Conj/Air       3%           91%         3
 Confusing Touch          Hex            2%           94%         3
 Frozen Ramparts          Ice            4%           94%         3
 Ozocubu's Armour         Ice            2%           94%         3
 Sticky Flame             Conj/Fire      4%           99%         4
 Cause Fear               Hex            1%           100%        4
 Fireball                 Conj/Fire      2%           100%        5
 Lightning Bolt           Conj/Air       1%           100%        5
 Metabolic Englaciation   Hex/Ice        1%           100%        5
 Silence                  Hex/Air        1%           100%        5
 Conjure Ball Lightning   Conj/Air       1%           100%        6
 Ozocubu's Refrigeration  Ice            1%           100%        6
 Chain Lightning          Conj/Air       1%           100%        8
 Ignition                 Fire           3%           100%        8
 Absolute Zero            Ice            1%           100%        9
 Fire Storm               Conj/Fire      2%           100%        9
 Tornado                  Air            1%           100%        9
 Animate Skeleton         Necr           Unusable     N/A         1
 Beastly Appendage        Tmut           Unusable     N/A         1
 Sandblast                Erth           Unusable     N/A         1
 Summon Small Mammal      Summ           Unusable     N/A         1
 Corpse Rot               Necr/Air       Unusable     N/A         2
 Passwall                 Tmut/Erth      Unusable     N/A         2
 Sublimation of Blood     Necr           Unusable     N/A         2
 Wereblood                Tmut           Unusable     N/A         2
 Stone Arrow              Conj/Erth      Unusable     N/A         3
 Call Canine Familiar     Summ           Unusable     N/A         3
 Spider Form              Tmut/Pois      Unusable     N/A         3
 Tukima's Dance           Hex            Unusable     N/A         3
 Summon Forest            Summ/Tloc      Unusable     N/A         5
 Dispel Undead            Necr           Unusable     N/A         4
 Ice Form                 Ice/Tmut       Unusable     N/A         4
 Leda's Liquefaction      Hex/Erth       Unusable     N/A         4
 Petrify                  Tmut/Erth      Unusable     N/A         4
 Summon Lightning Spire   Summ/Air       Unusable     N/A         4
 Agony                    Necr           Unusable     N/A         5
 Blade Hands              Tmut           Unusable     N/A         5
 Borgnjor's Vile Clutch   Necr/Erth      Unusable     N/A         5
 Excruciating Wounds      Necr           Unusable     N/A         5
 Irradiate                Conj/Tmut      Unusable     N/A         5
 Lee's Rapid Deconstruct  Erth           Unusable     N/A         5
 Summon Mana Viper        Hex/Summ       Unusable     N/A         5
 Yara's Violent Unravell  Hex/Tmut       Unusable     N/A         5
 Eringya's Noxious Bog    Tmut/Pois      Unusable     N/A         6
 Hydra Form               Tmut           Unusable     N/A         6
 Statue Form              Tmut/Erth      Unusable     N/A         6
 Dragon Form              Tmut           Unusable     N/A         7
 Summon Hydra             Summ           Unusable     N/A         7
 Lehudib's Crystal Spear  Conj/Erth      Unusable     N/A         8
 Shatter                  Erth           Unusable     N/A         9

Dungeon Overview and Level Annotations

Branches:
Dungeon (15/15)            Temple (1/1) D:5            Lair (6/6) D:8
 Shoals (4/4) Lair:3        Snake (4/4) Lair:4        Slime (5/5) Lair:6
    Orc (2/2) D:9             Elf (3/3) Orc:2        Vaults (5/5) D:13
  Crypt (3/3) Vaults:3       Tomb (3/3) Crypt:3       IceCv (visited)
Volcano (visited)         Desolation (visited)
 Depths: D:15

Altars:
Ashenzari
Dithmenos
Elyvilon
Fedhas
Kikubaaqudgha
Okawaru
Qazlal
Ru
Vehumet
Xom
Yredelemnul
Zin
The Shining One
Beogh

Shops:
D:8 *   Orc:2 :*[(   Elf:3 ?!!!   Vaults:2 :

Annotations:
D:3 1 runed translucent door, einarkeyser's ghost, amateur OpCj
Lair:4 3 runed translucent doors, VeinyPole's ghost, journeyman TrMo
Shoals:1 2 transporters, Loidof's ghost, adept MiFi
Shoals:2 1 runed translucent door, Kehicw's ghost, adept HOBr
Shoals:4 3 runed translucent doors, Zataygor's ghost, journeyman MiBe
Slime:2 Dissolution
Orc:1 1 runed translucent door, exclusion: orange crystal statue
Elf:2 1 runed translucent door
Vaults:5 1 exclusion
Tomb:3 7 exclusions


Innate Abilities, Weirdness & Mutations

You thrive by killing the living.
You are immune to poison.
You have sharp fingernails.
Your flesh is cold resistant. (rC+)
Your magical capacity is low. (-10% MP)
You are immune to negative energy. (rN+++)
You do not regenerate when monsters are visible.
You are immune to unholy pain and torment.
You can survive without breathing.
Potions are less effective at restoring your health.
You cannot read scrolls while threatened.
You cannot be stealthy.
You are hated by all.
You cannot train Dodging skill.
You cannot study or cast Earth magic.
You cannot study or cast Necromancy magic.
You cannot study or cast Transmutations magic.


Message History

The burst of rock shards engulfs the mummy priest but does no damage.
The tin is emptied!
You feel extremely nervous for a moment...
You feel horribly lethargic.
You feel as though you will be slow longer.
You feel extremely nervous for a moment...
You are engulfed in negative energy!
You resist.
You feel extremely nervous for a moment...
You feel weird for a moment.
The skeletal warrior is engulfed in freezing vapours.
You block the skeletal warrior's attack.
The mummy priest begins to pray, but is stunned by your conviction!
The ushabti begins to attack, but is stunned by your conviction!
The quicksilver dragon zombie is stunned by your conviction and fails to attack.
You block the emperor scorpion's attack. x2
The emperor scorpion claws you but does no damage.
You block the spectral storm dragon's attack.
The spectral storm dragon claws you but does no damage.
You block the spectral storm dragon's attack.
The royal mummy gestures at you while chanting.
Something smites you!
* * * LOW HITPOINT WARNING * * *
You focus your inner power and slow the royal mummy in retribution!
The shadow slips into darkness.
The shadow flickers and vanishes for a moment.
Your Shields skill increases to level 19!
Really quaff
W - 2 potions of heal wounds {@q2 !q}?
Your system partially rejects the healing.
You feel much better.
The quicksilver dragon zombie bites you but does no damage.
The quicksilver dragon zombie claws you!
* * * LOW HITPOINT WARNING * * *
The ushabti shakes and rattles deafeningly!
A mummy comes into view.
The mummy priest calls down the wrath of its god upon you.
Something smites you!
* * * LOW HITPOINT WARNING * * *
You focus your inner power and paralyse the mummy priest in retribution!
You block the emperor scorpion's attack. x3
The skeletal warrior closely misses you.
You block the spectral storm dragon's attack.
The spectral storm dragon closely misses you.
You block the spectral storm dragon's attack.
The ushabti shakes and rattles deafeningly!
The ushabti begins to attack, but is stunned by your conviction!
The quicksilver dragon zombie is stunned by your conviction and fails to attack.
You block the emperor scorpion's attack.
The emperor scorpion claws you but does no damage.
You block the emperor scorpion's attack.
The skeletal warrior is engulfed in freezing vapours.
The skeletal warrior hits you but does no damage.
A guardian mummy comes into view.
The mummy priest mumbles some strange prayers to its god.
You block the quicksilver dragon zombie's attack. x2
The chaos spawn is engulfed in freezing vapours.
Items here: $ ) = †††††.
Really quaff
W - a potion of heal wounds {@q2 !q}?
Your system partially rejects the healing.
You feel much better.
You block the spectral storm dragon's attack. x3
You redirect the mummy priest's attack!
The mummy priest begins to pray, but is stunned by your conviction!
The quicksilver dragon zombie bites you but does no damage.
The quicksilver dragon zombie claws you but does no damage.
You block the emperor scorpion's attack.
The emperor scorpion claws you but does no damage.
The emperor scorpion claws you.
* * * LOW HITPOINT WARNING * * *
You focus your inner power and blind the emperor scorpion in retribution!
The skeletal warrior is engulfed in freezing vapours.
The skeletal warrior hits you from afar with a +0 trident!
* * * LOW HITPOINT WARNING * * *
Unknown command.
Okay, then.
Okay, then.
You squash the ushabti like an ant!!!
You destroy the ushabti!
You block the spectral storm dragon's attack. x3
The vampire is engulfed in freezing vapours.
The mummy priest mumbles some strange prayers to its god.
The emperor scorpion stings you but does no damage.
The emperor scorpion claws you but does no damage.
The emperor scorpion barely misses you.
Evoke which item? (* to show all) (? for menu, Esc to quit)
Aiming: Corrosive Bolt
Press: ? - help, Shift-Dir - straight line, f - royal mummy
Aim: a royal mummy (purple smoke, almost destroyed, slow, 11% to evade)
The bolt of acid hits the ice devil!
The ice devil is splashed with acid.
The acid corrodes the ice devil!
The ice devil is severely wounded.
The bolt of acid misses the royal mummy.
You can read scrolls again.
You block the spectral storm dragon's attack. x2
The spectral storm dragon tramples you but does no damage.
You block the skeletal warrior's attack.
The vampire is stunned by your conviction and fails to attack.
The royal mummy begins to cast a spell, but is stunned by your conviction!
The royal mummy gestures at you while chanting.
Something smites you!
You die...

*##M...**,,,,,,
###.......**,,,,,
#4.M....^..##B...
##4.M.......<##...
#§)8..........##..
#§§Z$.....^....##.
#M4M☼MV........##B
#Z4z4)4...^.....#.
#@sWM)8M$...§.§.#B
##V§WW)M..§§...§BM
##)}|:$$!.....B#.
##|[:[$$....§.#B
##||$$$$.B..##B
##)|)$.....##B
##[=$.§..###.
##=$$..## #^
####### ##


You could see 2 royal mummies, an emperor scorpion (summoned, blind), 3 mummy
priests, a skeletal warrior, a jiangshi (summoned), a guardian mummy, an
ushabti, 2 ice devils, a freezing wraith (summoned), a spectral storm dragon
(summoned), a chaos spawn (summoned), a vampire (summoned), a wraith (summoned),
a red devil (summoned) and a shadow (summoned, invisible).

Vanquished Creatures
  the Royal Jelly (Slime:5)
  An ancient lich (Tomb:1)
  6 royal mummies
  Margery (Vaults:3)
  Frederick (Vaults:3)
  Vashnia (Snake:2)
  Saint Roka (Snake:3)
  Xtahua (Vaults:2)
  A golden dragon (Vaults:5)
  Nikola (Snake:1)
  Rupert (Orc:2)
  Jorgrun (Snake:1)
  A lich (Tomb:1)
  A shard shrike skeleton (Crypt:1)
  3 titans
  2 deep elf blademasters (Elf:3)
  2 quicksilver dragons (Vaults:5)
  12 acid blobs
  3 deep elf master archers (Elf:3)
  Polyphemus (Shoals:2)
  An ancient champion (Tomb:2)
  12 sphinxes
  2 tengu reavers
  5 shadow dragons
  11 nagarajas
  2 storm dragons (Vaults:5)
  Ilsuiw (Shoals:4)
  14 azure jellies
  A frost giant (Vaults:5)
  2 revenants
  9 deep elf sorcerers
  An orc warlord (Orc:2)
  15 vault wardens
  Louise (Shoals:4)
  5 very ugly things
  2 deep elf elementalists
  3 ironheart preservers
  3 war gargoyles (Vaults:5)
  2 bennus (Tomb:1)
  4 stone giants
  9 deep elf demonologists (Elf:3)
  A vampire knight (Crypt:3)
  2 entropy weavers (Lair:5)
  5 halazid warlocks (Desolation)
  An eidolon (Crypt:1)
  15 deep elf annihilators (Elf:3)
  The ghost of Elebi the Grappler, a journeyman DrTm of Yredelemnul (Lair:2)
  7 merfolk javelineers
  An ettin (shapeshifter) (Vaults:5)
  A crystal guardian (Desolation)
  9 merfolk impalers
  8 ettins
  4 jiangshi (Crypt:1)
  14 mummy priests
  5 deep elf death magi
  A fire dragon (Vaults:3)
  4 deep elf high priests
  7 death oozes
  7 great orbs of eyes
  Josephine (D:11)
  16 naga warriors
  2 rakshasas (Vaults:3)
  3 yaktaur captains
  33 vault guards
  6 hydras
  5 ragged hierophants (Desolation)
  6 boulder beetles
  Harold (D:11)
  An ice dragon (Vaults:2)
  6 peacekeepers
  7 servants of whispers (Desolation)
  8 merfolk avatars
  2 death knights
  A catoblepas (Shoals:2)
  3 anacondas
  4 merfolk aquamancers
  2 dancing weapons (Elf:2)
  2 centaur warriors (D:14)
  5 satyrs
  73 death scarabs
  18 two-headed ogres
  3 ogre magi
  3 orc high priests (Orc:2)
  A vampire mage (Crypt:1)
  Urug (Orc:2)
  A tengu warrior (D:13)
  A queen ant (Lair:5)
  2 death yaks (Shoals:2)
  18 naga sharpshooters
  A deep troll earth mage (Vaults:4)
  6 shock serpents
  3 large abominations (Elf:3)
  9 deep elf knights
  A soul eater (Crypt:3)
  4 hell knights (Vaults:3)
  3 small abominations
  A skeletal warrior (Tomb:3)
  21 sea snakes
  A salamander mystic (Snake:3)
  3 shadow wraiths
  5 deep trolls
  A flayed ghost (Crypt:3)
  5 deep elf archers
  5 orc knights
  An anaconda skeleton (Tomb:3)
  7 naga ritualists
  7 phantasmal warriors
  A lindwurm (shapeshifter) (Vaults:5)
  5 necromancers
  11 ironbrand convokers
  3 lindwurms
  A kraken simulacrum (Shoals:4)
  Pikel (D:4)
  5 harpies (Vaults:3)
  A frost giant zombie (Crypt:2)
  8 orc sorcerers
  15 ugly things
  14 manticores
  7 mana vipers
  6 cyclopes
  20 deep elf magi
  7 salamanders
  A wolf spider (Lair:6)
  11 fauns
  2 shining eyes
  11 elephants
  4 water nymphs (Shoals:4)
  2 eyes of devastation
  2 moths of wrath (Lair:2)
  Joseph (D:8)
  4 ice statues (IceCv)
  10 merfolk sirens
  16 naga magi
  3 molten gargoyles
  34 black mambas
  17 guardian serpents
  8 vault sentinels
  2 gargoyles (D:13)
  15 cane toads
  2 efreet
  9 yaktaurs
  5 freezing wraiths
  2 rime drakes
  2 ice devils (IceCv)
  3 komodo dragons
  A queen bee (D:11)
  25 guardian mummies
  A queen bee (shapeshifter) (Vaults:3)
  8 wind drakes
  A meliai (shapeshifter) (Vaults:3)
  3 hornets (Lair:6)
  Prince Ribbit (D:8)
  8 trolls
  A jumping spider (shapeshifter) (Vaults:2)
  24 merfolk
  47 saltlings
  9 dream sheep
  An iron dragon simulacrum (Tomb:2)
  8 blink frogs
  45 slime creatures
  A meliai zombie (D:14)
  5 snapping turtles
  4 flying skulls (Crypt:1)
  A shadow (D:14)
  Sigmund (D:6)
  2 redbacks (Lair:6)
  2 air elementals (Elf:1)
  An alligator skeleton (Crypt:1)
  8 wraiths
  19 water elementals
  2 golden eyes (Slime:4)
  14 yaks
  6 ushabtiu
  16 wyverns
  A golden eye (shapeshifter) (Vaults:5)
  6 fire elementals
  Grum (D:11)
  9 humans (D:13)
  3 basilisks
  A water nymph zombie (Crypt:3)
  3 wargs
  26 soldier ants
  66 nagas
  3 acid dragons
  A water moccasin (shapeshifter) (Elf:3)
  19 water moccasins
  Duvessa (D:6)
  37 orc warriors
  2 sky beasts
  13 ice beasts
  14 ogres
  4 eyes of draining
  A necrophage (D:8)
  3 black bears
  8 wolves
  8 centaurs
  A lemure (D:4)
  A big kobold (D:11)
  16 bullfrogs
  A palentonga zombie (Crypt:3)
  6 gnoll sergeants
  Dowan (D:6)
  5 earth elementals (Volcano)
  A water moccasin zombie (D:7)
  2 wyvern zombies
  A wyvern skeleton (D:6)
  6 scorpions
  30 killer bees
  11 wights
  3 howler monkeys (D:10)
  3 centaur zombies
  5 hounds
  25 orc priests
  4 centaur skeletons
  2 bullfrog skeletons
  5 jellies
  32 orc wizards
  Jessica (D:3)
  Ijyb (D:4)
  Natasha (thrice) (D:4)
  4 iguanas
  A human skeleton (Crypt:2)
  2 polar bear simulacra (Lair:6)
  31 worker ants
  3 yak simulacra (Lair:6)
  4 wolf simulacra (Lair:6)
  A deep dwarf zombie (Crypt:2)
  A naga skeleton (Crypt:3)
  2 hound zombies
  3 hound skeletons
  14 mummies
  7 gnolls (D:9)
  8 adders
  A howler monkey skeleton (D:10)
  3 shadow imps
  4 white imps
  2 ufetubi
  A worm zombie (Crypt:3)
  A halfling zombie (Crypt:2)
  An adder skeleton (D:8)
  2 worms
  A dart slug (D:5)
  8 leopard geckos
  97 orcs
  2 ball pythons (D:4)
  4 giant cockroaches
  5 goblins
  2 hobgoblins
  5 jackals (D:7)
  6 quokkas
  5 bats
  7 frilled lizards
  A hobgoblin skeleton (Crypt:2)
  10 kobolds
  2 quokka skeletons (D:5)
  3 rats
  A river rat simulacrum (Lair:6)
  9 crawling corpses
1755 creatures vanquished.

Vanquished Creatures (others)
  An eldritch tentacle (Tomb:3)
  A vault warden (Vaults:5)
  Aizul (Snake:1)
  A very ugly thing (Vaults:5)
  A stone giant (Vaults:5)
  3 deep elf annihilators (Elf:3)
  A deep elf high priest (Elf:3)
  A great orb of eyes (Slime:3)
  A hydra (Lair:6)
  A naga warrior (Snake:2)
  A servant of whispers (Desolation)
  A satyr (Shoals:2)
  2 two-headed ogres
  3 death scarabs (Tomb:3)
  2 merfolk aquamancers (Shoals:4)
  A sea snake (Shoals:2)
  A mana viper (Snake:1)
  A cyclops (Shoals:2)
  An ugly thing (D:14)
  2 manticores
  A merfolk siren (Shoals:4)
  A black mamba (Snake:3)
  A cane toad (Lair:2)
  3 guardian mummies
  A merfolk (Shoals:4)
  A slime creature (Slime:3)
  A saltling (Desolation)
  A water elemental (Shoals:2)
  A human (D:13)
  2 soldier ants (Lair:5)
  2 nagas
  A water moccasin (Lair:4)
  A meliai simulacrum (D:14)
  2 orc wizards (Orc:2)
  A wolf simulacrum (Lair:6)
  A mummy (Tomb:1)
  5 orcs
  A quokka (D:8)
  A kobold (D:11)
  A bush (Lair:5)
  46 fungi
  A lurking horror (Slime:1)
  100 plants
  4 tentacles (Shoals:4)
207 creatures vanquished.

Grand Total: 1962 creatures vanquished

Notes
Turn   | Place    | Note
-------+----------+-------------------------------------------
     0 | D:1      | EnegeticOcto the Ghoul Fire Elementalist began the quest
                  | for the Orb.
     0 | D:1      | Reached XP level 1. HP: 14/14 MP: 2/2
   104 | D:1      | Reached skill level 1 in Unarmed Combat
   310 | D:1      | Reached XP level 2. HP: 16/22 MP: 3/3
   314 | D:1      | Reached skill level 1 in Fighting
   469 | D:2      | Reached skill level 2 in Unarmed Combat
   509 | D:2      | Reached XP level 3. HP: 27/28 MP: 4/4
   619 | D:2      | Found a shadowy altar of Dithmenos.
   884 | D:2      | Found a blossoming altar of Fedhas.
   999 | D:3      | Found a broken altar of Ashenzari.
  1023 | D:3      | Noticed Jessica
  1034 | D:3      | Killed Jessica
  1035 | D:3      | Reached skill level 2 in Fighting
  1035 | D:3      | Reached skill level 3 in Unarmed Combat
  1035 | D:3      | Reached XP level 4. HP: 32/36 MP: 5/5
  1253 | D:3      | Noticed einarkeyser's ghost (amateur OpCj)
  1259 | D:3      | Found a runed translucent door.
  1795 | D:4      | Noticed Ijyb
  1825 | D:4      | Killed Ijyb
  1839 | D:4      | Reached skill level 4 in Unarmed Combat
  1839 | D:4      | Reached XP level 5. HP: 27/42 MP: 6/6
  1879 | D:4      | Noticed a lemure
  1900 | D:4      | Killed a lemure
  1940 | D:4      | Noticed a lemure
  1941 | D:4      | Noticed a lemure
  1941 | D:4      | Noticed Pikel
  1948 | D:4      | Noticed a lemure
  1969 | D:4      | Killed Pikel
  1970 | D:4      | Reached skill level 4 in Fighting
  1970 | D:4      | Reached skill level 6 in Unarmed Combat
  1970 | D:4      | Reached XP level 6. HP: 34/53 MP: 7/7
  1970 | D:4      | Reached XP level 7. HP: 38/60 MP: 8/8
  2037 | D:4      | Noticed Natasha
  2051 | D:4      | Killed Natasha
  2057 | D:4      | Noticed Natasha
  2067 | D:4      | Killed Natasha
  2202 | D:4      | Reached skill level 7 in Unarmed Combat
  2205 | D:4      | Noticed Natasha
  2214 | D:4      | Killed Natasha
  2380 | D:5      | Entered Level 5 of the Dungeon
  2472 | D:5      | Reached skill level 5 in Fighting
  2498 | D:5      | Found a radiant altar of Vehumet.
  2535 | D:5      | Reached XP level 8. HP: 68/68 MP: 9/9
  2561 | D:5      | Reached skill level 8 in Unarmed Combat
  2780 | D:5      | Found a staircase to the Ecumenical Temple.
  2803 | Temple   | Entered the Ecumenical Temple
  2848 | Temple   | Became a worshipper of Ru the Awakened
  3424 | D:6      | Reached skill level 6 in Fighting
  3424 | D:6      | Reached skill level 1 in Evocations
  3711 | D:6      | Reached skill level 2 in Evocations
  3778 | D:6      | Noticed Sigmund
  3784 | D:6      | Killed Sigmund
  3785 | D:6      | Reached skill level 9 in Unarmed Combat
  3806 | D:6      | Noticed Dowan
  3807 | D:6      | Noticed Duvessa
  3839 | D:6      | Killed Duvessa
  3840 | D:6      | Reached skill level 3 in Evocations
  3840 | D:6      | Reached XP level 9. HP: 43/78 MP: 10/10
  3851 | D:6      | Killed Dowan
  4002 | D:7      | Found a glowing golden altar of the Shining One.
  4092 | D:7      | Reached skill level 4 in Evocations
  4099 | D:7      | Reached skill level 7 in Fighting
  4686 | D:8      | Reached skill level 1 in Armour
  4686 | D:8      | Reached skill level 5 in Evocations
  4733 | D:8      | Reached skill level 1 in Throwing
  4735 | D:8      | Noticed a komodo dragon
  4744 | D:8      | HP: 3/79 [yak (10)]
  5016 | D:8      | Killed a komodo dragon
  5017 | D:8      | Reached skill level 2 in Throwing
  5017 | D:8      | Reached skill level 2 in Armour
  5054 | D:8      | Reached skill level 10 in Unarmed Combat
  5061 | D:8      | Reached XP level 10. HP: 79/88 MP: 11/11
  5073 | D:8      | Reached skill level 8 in Fighting
  5076 | D:8      | Found a staircase to the Lair.
  5148 | D:8      | Found a broken altar of Ashenzari.
  5185 | D:8      | Reached skill level 3 in Armour
  5252 | D:8      | Found Afedak's Demolitions Depot.
  5252 | D:8      | Noticed Joseph
  5279 | D:8      | Killed Joseph
  5280 | D:8      | Reached skill level 3 in Throwing
  5293 | D:8      | Bought a scroll of immolation for 35 gold pieces
  5435 | D:8      | Noticed Prince Ribbit
  5471 | D:8      | Killed Prince Ribbit
  5522 | D:8      | Found a glowing golden altar of the Shining One.
  5557 | D:8      | Noticed a two-headed ogre
  5564 | D:8      | Killed a two-headed ogre
  5565 | D:8      | Reached skill level 4 in Armour
  5587 | D:8      | Noticed Psyche
  5603 | D:8      | Noticed Psyche
  5615 | D:8      | Killed Psyche the water moccasin
  5632 | D:8      | Found a glowing silver altar of Zin.
  5661 | D:8      | Reached skill level 4 in Throwing
  5689 | D:8      | Found a white marble altar of Elyvilon.
  5902 | D:9      | Reached skill level 9 in Fighting
  5934 | D:9      | You fall into a shaft and drop 1 floor!
  5934 | D:10     | Entered Level 10 of the Dungeon
  5944 | D:10     | Noticed Snorg
  5967 | D:10     | Noticed Snorg
  5967 | D:10     | Snorg changed into Snorg the salamander
  5973 | D:10     | Killed Snorg the salamander
  6052 | D:10     | Reached skill level 2 in Dodging
  6052 | D:10     | Reached skill level 11 in Unarmed Combat
  6060 | D:10     | Reached XP level 11. HP: 55/97 MP: 12/12
  6141 | D:10     | Gained mutation: You cannot read scrolls while threatened.
                  | [Ru sacrifice]
  6141 | D:10     | Reached * piety under Ru
  6146 | D:10     | Noticed a cyclops
  6163 | D:10     | Killed a cyclops
  6282 | D:9      | Reached skill level 5 in Throwing
  6358 | D:9      | Noticed a seven-headed hydra
  6370 | D:9      | Killed a seven-headed hydra
  6371 | D:9      | Reached skill level 3 in Dodging
  6380 | D:9      | Reached skill level 14 in Unarmed Combat
  6380 | D:9      | Reached XP level 12. HP: 85/106 MP: 13/13
  6401 | D:9      | Noticed a two-headed ogre
  6410 | D:9      | Killed a two-headed ogre
  6445 | D:9      | Reached skill level 10 in Fighting
  6476 | D:9      | Noticed a two-headed ogre
  6495 | D:9      | Killed a two-headed ogre
  6667 | D:9      | Found a stormy altar of Qazlal.
  6695 | D:9      | Noticed a two-headed ogre
  6709 | D:9      | Killed a two-headed ogre
  6710 | D:9      | Reached skill level 4 in Dodging
  6743 | D:9      | Found a shimmering altar of Xom.
  6823 | D:8      | Bought a condenser vane for 400 gold pieces
  6909 | D:9      | Found a staircase to the Orcish Mines.
  6934 | D:9      | Reached skill level 6 in Throwing
  6993 | D:9      | Gained mutation: You cannot study or cast Earth magic. [Ru
                  | sacrifice]
  6993 | D:9      | Gained mutation: You cannot study or cast Transmutations
                  | magic. [Ru sacrifice]
  6993 | D:9      | Gained mutation: You cannot study or cast Necromancy magic.
                  | [Ru sacrifice]
  6993 | D:9      | Reached ** piety under Ru
  7137 | Orc:1    | Entered Level 1 of the Orcish Mines
  7137 | Orc:1    | Found a runed translucent door.
  7137 | Orc:1    | Found the +10 tower shield of Ignorance {rN+ Int-4}
  7169 | Orc:1    | Found a runed translucent door.
  7190 | Orc:1    | Reached skill level 1 in Shields
  7237 | Orc:1    | Reached skill level 2 in Shields
  7307 | Orc:1    | Found a dark tunnel.
  7316 | Orc:1    | Reached skill level 5 in Armour
  7323 | Volcano  | Entered a volcano
  7471 | Volcano  | Reached skill level 3 in Shields
  7916 | Volcano  | Reached skill level 4 in Shields
  7916 | Volcano  | Reached XP level 13. HP: 105/114 MP: 14/14
  8072 | Orc:2    | Entered Level 2 of the Orcish Mines
  8072 | Orc:2    | Found a roughly hewn altar of Beogh.
  8093 | Orc:2    | Reached skill level 5 in Shields
  8156 | Orc:2    | Found a staircase to the Elven Halls.
  8388 | Orc:1    | Gained mutation: Potions are less effective at restoring
                  | your health. [Ru sacrifice]
  8388 | Orc:1    | Reached *** piety under Ru
  8644 | Orc:2    | Noticed Urug
  8665 | Orc:2    | Killed Urug
  8666 | Orc:2    | Reached skill level 6 in Shields
  8828 | Orc:2    | Noticed Sonja
  8829 | Orc:2    | Noticed Sonja
  8829 | Orc:2    | Sonja changed into Sonja the basilisk
  8833 | Orc:2    | Noticed Rupert
  8870 | Orc:2    | Killed Rupert
  8871 | Orc:2    | Reached skill level 7 in Shields
  8873 | Orc:2    | Killed Sonja the basilisk
  9103 | Orc:2    | Reached skill level 8 in Shields
  9246 | Orc:2    | Reached skill level 9 in Shields
  9269 | Orc:2    | Noticed an orc warlord
  9294 | Orc:2    | Killed an orc warlord
  9296 | Orc:2    | Reached skill level 10 in Shields
  9377 | Orc:2    | Gained mutation: You cannot train Dodging skill. [Ru
                  | sacrifice]
  9377 | Orc:2    | Reduced skill Dodging to level 0
  9377 | Orc:2    | Reached **** piety under Ru
  9414 | Orc:2    | Found Ufimn's Antique Armour Boutique.
  9415 | Orc:2    | Found Tikier's Antique Weapon Shop.
  9417 | Orc:2    | Found Necef's General Store.
  9417 | Orc:2    | Found Luishrig's Book Boutique.
  9430 | Orc:2    | Bought 7 curare-tipped darts for 63 gold pieces
  9430 | Orc:2    | Bought a scroll of magic mapping for 52 gold pieces
  9430 | Orc:2    | Bought a scroll of teleportation for 45 gold pieces
  9430 | Orc:2    | Bought a wand of paralysis (10) for 180 gold pieces
  9430 | Orc:2    | Bought a scroll of identify for 30 gold pieces
  9431 | Orc:2    | Bought a book of Cantrips for 280 gold pieces
  9435 | Orc:2    | Learned a level 1 spell: Apportation
  9442 | Orc:2    | Bought a pair of glowing boots for 217 gold pieces
  9442 | Orc:2    | Bought a smoking chain mail for 275 gold pieces
  9447 | Orc:2    | Identified the +3 chain mail "Emazal Qies" {rN+ MP+9} (You
                  | bought it in a shop on level 2 of the Orcish Mines)
  9961 | D:11     | Noticed Grum
  9965 | D:11     | Reached XP level 14. HP: 102/122 MP: 2/15
  9968 | D:11     | Reached skill level 11 in Shields
 10001 | D:11     | Killed Grum
 10038 | D:11     | Noticed Harold
 10063 | D:11     | Killed Harold
 10131 | D:11     | Gained mutation: You cannot be stealthy. [Ru sacrifice]
 10131 | D:11     | Reduced skill Stealth to level 0
 10131 | D:11     | Reached ***** piety under Ru
 10142 | D:11     | Got a warped ruby amulet
 10153 | D:11     | Identified the amulet of Contentment {Acrobat rC+ Str-3
                  | Int+3 Slay+2} (You found it on level 11 of the Dungeon)
 10171 | D:11     | Noticed Josephine
 10182 | D:11     | Killed Josephine
 10183 | D:11     | Reached skill level 12 in Shields
 10281 | Lair:1   | Entered Level 1 of the Lair of Beasts
 10435 | Lair:2   | Found a transporter.
 10436 | Lair:2   | Noticed Elebi's ghost (journeyman DrTm)
 10458 | Lair:2   | Found a transporter.
 10469 | Lair:2   | Killed Elebi's ghost
 10480 | Lair:2   | Got a transparent bone ring
 10481 | Lair:2   | Identified the ring "Vikkyuf" {rElec Str-2 Int+6 Slay+2}
                  | (You found it on level 2 of the Lair of Beasts)
 11149 | Lair:3   | Found a staircase to the Shoals.
 11165 | Lair:3   | Reached skill level 15 in Unarmed Combat
 11447 | Lair:5   | Reached skill level 7 in Throwing
 11617 | Lair:6   | Entered Level 6 of the Lair of Beasts
 11754 | Lair:6   | Found a staircase to the Slime Pits.
 11865 | Lair:6   | Reached skill level 6 in Armour
 11914 | Lair:6   | Reached skill level 11 in Fighting
 11986 | Lair:6   | Reached XP level 15. HP: 96/119 MP: 7/16
 12052 | Lair:6   | Reached skill level 8 in Throwing
 12457 | Lair:5   | Gained mutation: Your magical capacity is low. (-10% MP)
                  | [Ru sacrifice]
 12943 | Lair:4   | Reached skill level 9 in Throwing
 12962 | Lair:4   | Found a staircase to the Snake Pit.
 12971 | Snake:1  | Entered Level 1 of the Snake Pit
 12974 | Snake:1  | Noticed Nikola
 13003 | Snake:1  | Killed Nikola
 13004 | Snake:1  | Reached skill level 7 in Armour
 13102 | Snake:1  | Noticed Jorgrun
 13112 | Snake:1  | Killed Jorgrun
 13372 | Snake:1  | Reached skill level 13 in Shields
 13416 | Snake:1  | Noticed Aizul
 13438 | Snake:1  | Killed Aizul
 13514 | Snake:2  | Reached skill level 12 in Fighting
 13535 | Snake:2  | Gained mutation: You are hated by all. [Ru sacrifice]
 13535 | Snake:2  | Reached ****** piety under Ru
 13571 | Snake:2  | Noticed Vashnia
 13574 | Snake:2  | Reached skill level 10 in Throwing
 13574 | Snake:2  | Reached XP level 16. HP: 115/120 MP: 6/15
 13589 | Snake:2  | Killed Vashnia
 13600 | Snake:2  | Reached skill level 16 in Unarmed Combat
 13654 | Snake:2  | Noticed a nagaraja
 13665 | Snake:2  | Killed a nagaraja
 13752 | Snake:2  | Reached skill level 8 in Armour
 14089 | Snake:2  | Identified the +1 chain mail "Odghioxi" {Harm rC- Str+7}
                  | (You found it on level 2 of the Snake Pit)
 14283 | Snake:3  | Reached skill level 11 in Throwing
 14526 | Snake:3  | Noticed a nagaraja
 14549 | Snake:3  | Killed a nagaraja
 14691 | Snake:3  | Noticed Saint Roka
 14724 | Snake:3  | Killed Saint Roka
 14826 | Snake:4  | Entered Level 4 of the Snake Pit
 14863 | Snake:4  | Noticed a nagaraja
 14877 | Snake:4  | Killed a nagaraja
 14890 | Snake:4  | Noticed a nagaraja
 14930 | Snake:4  | Noticed a nagaraja
 14946 | Snake:4  | Killed a nagaraja
 15026 | Snake:4  | Reached XP level 17. HP: 125/148 MP: 16/16
 15192 | Snake:4  | Reached skill level 13 in Fighting
 15257 | Snake:4  | Reached skill level 9 in Armour
 15509 | Snake:4  | Reached skill level 12 in Throwing
 15739 | Snake:4  | Reached skill level 14 in Shields
 15849 | Snake:4  | Reached skill level 1 in Translocations
 15855 | Snake:4  | Reached skill level 2 in Translocations
 15856 | Snake:4  | Reached skill level 17 in Unarmed Combat
 15885 | Snake:4  | Got a serpentine rune of Zot
 16011 | Lair:4   | Found a runed translucent gate.
 16012 | Lair:4   | Found a runed translucent gate.
 16013 | Lair:4   | Found a runed translucent gate.
 16013 | Lair:4   | Noticed VeinyPole's ghost (journeyman TrMo)
 16128 | Shoals:1 | Entered Level 1 of the Shoals
 16152 | Shoals:1 | Reached skill level 3 in Translocations
 16194 | Shoals:1 | Noticed Loidof's ghost (adept MiFi)
 16222 | Shoals:1 | Identified the +0 trident of Hospitality {drain, rF+ rC+
                  | Dex+4}
 16367 | Shoals:1 | Identified the ring of Departure {rCorr MP+9}
 16368 | Shoals:1 | Found a transporter.
 16376 | Shoals:1 | Found a transporter.
 16639 | Shoals:2 | Reached XP level 18. HP: 140/153 MP: 17/17
 16693 | Shoals:2 | Reached skill level 10 in Armour
 16695 | Shoals:2 | Reached skill level 4 in Translocations
 16878 | Shoals:2 | Found a runed translucent door.
 16881 | Shoals:2 | Noticed Kehicw's ghost (adept HOBr)
 16882 | Shoals:2 | Found the +8 frozen axe "Frostbite" {freezing cloud, *Noise
                  | +Fly rC+}
 16883 | Shoals:2 | Noticed Polyphemus
 16906 | Shoals:2 | Killed Polyphemus
 16981 | Shoals:2 | Got a translucent bone ring
 16982 | Shoals:2 | Identified the ring of Winter {*Corrode rElec rN+++ SInv}
                  | (You found it on level 2 of the Shoals)
 17051 | Shoals:2 | Reached skill level 14 in Fighting
 17101 | Shoals:2 | Reached skill level 5 in Translocations
 17596 | Shoals:4 | Entered Level 4 of the Shoals
 17765 | Shoals:4 | Noticed Ilsuiw
 17768 | Shoals:4 | Reached skill level 6 in Translocations
 17802 | Shoals:4 | Killed Ilsuiw
 17892 | Shoals:4 | Found a runed translucent gate.
 17897 | Shoals:4 | Found a runed translucent gate.
 17897 | Shoals:4 | Noticed Zataygor's ghost (journeyman MiBe)
 17898 | Shoals:4 | Found a runed translucent gate.
 18283 | Shoals:4 | Identified Oteuc's Catalogue of Supportive Cold
 18537 | Shoals:4 | Reached skill level 2 in Spellcasting
 18584 | Shoals:4 | Got a barnacled rune of Zot
 18671 | Shoals:4 | Noticed Louise
 18690 | Shoals:4 | Killed Louise
 18764 | Shoals:4 | Reached XP level 19. HP: 159/164 MP: 18/19
 19074 | D:12     | Reached skill level 11 in Armour
 19094 | D:12     | Reached skill level 3 in Spellcasting
 19275 | D:13     | Found a frozen archway.
 19302 | IceCv    | Entered an ice cave
 19787 | D:14     | Reached skill level 15 in Shields
 19861 | D:14     | Reached skill level 4 in Spellcasting
 19986 | D:15     | Entered Level 15 of the Dungeon
 19995 | D:14     | Reached skill level 18 in Unarmed Combat
 20151 | D:13     | Reached skill level 15 in Fighting
 20166 | D:13     | Found a gate to the Vaults.
 20178 | Vaults:1 | Entered Level 1 of the Vaults
 20299 | Vaults:2 | Found Tuumm's Book Emporium.
 20540 | Vaults:2 | Noticed Xtahua
 20565 | Vaults:2 | Killed Xtahua
 20566 | Vaults:2 | Reached skill level 6 in Evocations
 20744 | Vaults:3 | Noticed Frederick
 20763 | Vaults:3 | Killed Frederick
 20798 | Vaults:3 | Found a ruined gateway.
 20830 | Desolati | Entered the Desolation of Salt
 20861 | Desolati | Reached skill level 7 in Evocations
 21101 | Desolati | Reached XP level 20. HP: 150/169 MP: 23/23
 21136 | Desolati | Learned a level 2 spell: Blink
 21140 | Desolati | Learned a level 3 spell: Lesser Beckoning
 21145 | Desolati | Learned a level 4 spell: Passage of Golubria
 21151 | Desolati | Identified Sif Muna's Incunabulum of Orientation and Curses
 21462 | Desolati | Reached skill level 8 in Evocations
 21479 | Desolati | Reached skill level 12 in Armour
 21484 | Desolati | Identified the Papyrus of Burning Cold
 21486 | Desolati | Identified the Almanac of the Thirteen Orbs
 21613 | Desolati | Identified the +5 morningstar of Juemaddu {venom, *Noise
                  | rElec rC- Dex+7}
 21716 | Desolati | Identified the +1 pair of gloves of Rotation {Harm rElec
                  | rPois} (You found it in the Desolation of Salt)
 21791 | Vaults:3 | Noticed Margery
 21808 | Vaults:3 | Killed Margery
 21982 | Vaults:3 | Reached skill level 9 in Evocations
 22129 | Vaults:3 | Reached skill level 16 in Fighting
 22269 | Vaults:5 | Entered Level 5 of the Vaults
 22537 | Vaults:5 | Reached XP level 21. HP: 159/187 MP: 24/24
 22549 | Vaults:4 | Reached skill level 19 in Unarmed Combat
 22569 | Vaults:4 | Reached skill level 10 in Evocations
 22711 | Vaults:5 | Reached skill level 16 in Shields
 22839 | Vaults:5 | Got a silver rune of Zot
 23214 | Vaults:5 | Identified the +1 robe of a sewer {rElec rC+ Dex+4}
 23363 | Vaults:5 | Reached skill level 11 in Evocations
 23413 | Vaults:5 | Noticed a golden dragon
 23427 | Vaults:5 | Killed a golden dragon
 23435 | Vaults:5 | Reached skill level 13 in Armour
 23670 | Vaults:5 | Identified the ring of Dithmenos's Regard {rC++ Dex+6} (You
                  | found it on level 5 of the Vaults)
 23705 | Vaults:5 | Reached XP level 22. HP: 164/198 MP: 25/25
 23778 | Vaults:5 | Identified the ring "Leaddyr" {rElec SInv Stlth-} (You
                  | found it on level 5 of the Vaults)
 23921 | Vaults:3 | Reached skill level 17 in Fighting
 24203 | Elf:1    | Entered Level 1 of the Elven Halls
 24246 | Elf:1    | Reached skill level 12 in Evocations
 24418 | Elf:2    | Found a runed translucent gate.
 24446 | Elf:3    | Entered Level 3 of the Elven Halls
 24462 | Elf:3    | Identified the +1 chain mail of Barnacled Mirth {*Corrode
                  | rPois Int+4} (You found it on level 3 of the Elven Halls)
 24467 | Elf:3    | Found Hioteu's Distillery.
 24470 | Elf:3    | Found Kaocum's Distillery.
 24470 | Elf:3    | Found Nodd's Magic Scroll Emporium.
 24474 | Elf:3    | Found Amaukh's Distillery.
 24488 | Elf:3    | Bought 2 scrolls of acquirement for 1560 gold pieces
 24488 | Elf:3    | Acquired 1189 gold pieces
 24489 | Elf:3    | Acquired 1238 gold pieces
 24491 | Elf:3    | Bought a scroll of enchant armour for 112 gold pieces
 24491 | Elf:3    | Bought 3 scrolls of teleportation for 135 gold pieces
 24491 | Elf:3    | Bought a scroll of fog for 30 gold pieces
 24491 | Elf:3    | Bought a scroll of silence for 112 gold pieces
 24491 | Elf:3    | Bought a scroll of silence for 112 gold pieces
 24494 | Elf:3    | Bought a potion of resistance for 150 gold pieces
 24497 | Elf:3    | Bought a potion of might for 48 gold pieces
 24497 | Elf:3    | Bought a potion of resistance for 120 gold pieces
 24497 | Elf:3    | Bought a potion of cancellation for 96 gold pieces
 24497 | Elf:3    | Bought a potion of haste for 120 gold pieces
 24500 | Elf:3    | Bought a potion of haste for 160 gold pieces
 24500 | Elf:3    | Bought 3 potions of heal wounds for 240 gold pieces
 24500 | Elf:3    | Bought a potion of magic for 128 gold pieces
 24823 | Elf:3    | Reached skill level 20 in Unarmed Combat
 24851 | Elf:3    | Reached skill level 14 in Armour
 24851 | Elf:3    | Reached skill level 17 in Shields
 24907 | Elf:3    | Identified the ring "Hausuvin" {Str+2 Stlth+}
 24937 | Elf:3    | Found the ring of Shadows {Umbra +Inv Stlth+}
 24949 | Elf:3    | Identified the +5 pair of gloves of the Constellations
                  | {Will+} (You found it on level 3 of the Elven Halls)
 24975 | Elf:3    | Got a scorched golden ring
 24976 | Elf:3    | Identified the ring of Githraane {Wiz Will+ Str+8} (You
                  | found it on level 3 of the Elven Halls)
 25013 | Elf:3    | Identified the +6 flail of Vetir {vorpal, Str+3}
 25013 | Elf:3    | Identified the +1 whip of the Middle {venom, rC+ Will+ MP+9
                  | Str+3}
 25477 | Slime:1  | Entered Level 1 of the Pits of Slime
 25589 | Slime:3  | Reached skill level 5 in Spellcasting
 25753 | Slime:4  | Reached XP level 23. HP: 186/209 MP: 14/26
 25773 | Slime:4  | Reached skill level 18 in Fighting
 25830 | Slime:5  | Entered Level 5 of the Pits of Slime
 25855 | Slime:5  | Reached skill level 6 in Spellcasting
 25943 | Slime:5  | Noticed the Royal Jelly
 25947 | Slime:5  | Killed the Royal Jelly
 25948 | Slime:5  | Reached skill level 7 in Translocations
 26033 | Slime:5  | Reached skill level 7 in Spellcasting
 26075 | Slime:5  | Identified Faegiam's Volume of the Glacier and the Rocks
 26124 | Slime:5  | Acquired the ring of Becefiykk {rF++ Int+2 Dex+6}
 26128 | Slime:5  | Got a slimy rune of Zot
 26128 | Slime:5  | Got a pitted platinum amulet
 26128 | Slime:5  | Got a fine turquoise ring
 26154 | Slime:5  | Identified the amulet of Music {Faith Str+3} (You found it
                  | on level 5 of the Pits of Slime)
 26156 | Slime:5  | Identified the ring of Neurosis {Will+ MP-9 Int+6} (You
                  | found it on level 5 of the Pits of Slime)
 26188 | Slime:2  | Noticed Dissolution
 26593 | Vaults:3 | Found a staircase to the Crypt.
 26593 | Vaults:3 | Found an ancient bone altar of Kikubaaqudgha.
 26594 | Vaults:3 | Found a basalt altar of Yredelemnul.
 26600 | Crypt:1  | Entered Level 1 of the Crypt
 26822 | Crypt:2  | You fall into a shaft and drop 1 floor!
 26822 | Crypt:3  | Entered Level 3 of the Crypt
 26834 | Crypt:3  | Found the amulet of the Four Winds {rN+ Will+++ Clar}
 26888 | Crypt:3  | Reached skill level 8 in Spellcasting
 26979 | Crypt:3  | Found a staircase to the Tomb.
 26987 | Tomb:1   | Entered Level 1 of the Tomb of the Ancients
 27077 | Tomb:1   | Reached skill level 8 in Translocations
 27122 | Tomb:1   | Noticed an ancient lich
 27150 | Tomb:1   | Killed an ancient lich
 27151 | Tomb:1   | Reached skill level 15 in Armour
 27190 | Tomb:1   | Noticed a royal mummy
 27211 | Tomb:1   | Killed a royal mummy
 27212 | Tomb:1   | Reached XP level 24. HP: 109/217 MP: 30/30
 27453 | Tomb:1   | Noticed a royal mummy
 27475 | Tomb:1   | Killed a royal mummy
 27494 | Tomb:1   | Reached skill level 9 in Translocations
 27626 | Tomb:1   | Reached skill level 19 in Fighting
 27626 | Tomb:1   | Reached skill level 18 in Shields
 27694 | Tomb:2   | Noticed a royal mummy
 27694 | Tomb:2   | Noticed a royal mummy
 27695 | Tomb:2   | Noticed a royal mummy
 27700 | Tomb:2   | Noticed a royal mummy
 27901 | Tomb:3   | Entered Level 3 of the Tomb of the Ancients
 27953 | Tomb:3   | Noticed a royal mummy
 27957 | Tomb:3   | Reached skill level 10 in Translocations
 27963 | Tomb:3   | Noticed a royal mummy
 27964 | Tomb:3   | Noticed a royal mummy
 27966 | Tomb:3   | Noticed a royal mummy
 27967 | Tomb:3   | Noticed a royal mummy
 27971 | Tomb:3   | Noticed a royal mummy
 27974 | Tomb:3   | Killed a royal mummy
 27983 | Tomb:3   | Killed a royal mummy
 27988 | Tomb:3   | Killed a royal mummy
 27989 | Tomb:3   | Reached skill level 20 in Fighting
 27990 | Tomb:3   | Killed a royal mummy
 27993 | Tomb:3   | Reached skill level 19 in Shields
 27993 | Tomb:3   | HP: 6/224 [mummy priest/divine providence (14)]
 27997 | Tomb:3   | Killed from afar by a royal mummy

Illustrated notes

Levels and vault maps discovered:
D:1:      dpeg_arrival_refuge, layout_rooms, chequers_serial_rivers_large_b
D:2:      layout_loops_cross, nicolae_dithmenos_shadow_blocks, minivault_4,
          fedhas_altar_2
D:3:      mumra_celtic_spiral_tile, layout_loops_ring,
          hellmonk_ghost_happy_afterlife, evilmike_ruin_ashenzari, uniq_jessica
D:4:      layout_rooms, minivault_14, uniq_ijyb, uniq_natasha,
          uniq_crazy_yiuf_cottage, uniq_pikel
D:5:      minmay_octagon_keep, layout_gridville, lemuel_crystal_altar,
          minmay_temple_entry_trees, minmay_misc_feat_enclosed
D:6:      layout_basic, uniq_duvessa, uniq_sigmund
D:7:      layout_basic, old_standard_altar
D:8:      layout_basic, kennysheep_mini, kennysheep_little_box, zin_statuary,
          due_lair_maze_entry_diamond, nicolae_blasting_shop, eino_tiny_chamber,
          tso_metal_star, uniq_psyche, uniq_joseph, uniq_prince_ribbit1
D:9:      layout_roguey, overflow_temple_1_default,
          kennysheep_orc_monster_closet_entryway, basic_altar
D:10:     layout_big_octagon, kennysheep_flooded_box, uniq_erica, uniq_snorg
D:11:     layout_roguey [special_room_bee], uniq_grum, uniq_harold,
          uniq_josephine
D:12:     layout_roguey
D:13:     layout_rooms, ximxim_vaults_locker_room,
          portal_ice_cave_entry_ice_beasts
D:14:     layout_grid_maze, uniq_nessos
D:15:     hangedman_depths_entry_try_elsewhere_first, layout_cave_pools,
          minivault_26, serial_shops, shop
Temple:   regret_index_temple_generic_petals
Lair:1:   layout_layer_cave, lemuel_fruit_tree, infiniplex_staircase_pool_2
Lair:2:   layout_gridlike, gammafunk_ghost_berserking_beasts
Lair:3:   layout_roguey, elwin_shoals_entry_stream
Lair:4:   layout_gridlike, minmay_snake_entry_guardpost_medium,
          ebering_ghost_rock_garden, lemuel_fruit_fields
Lair:5:   layout_regular_city, minivault_29, grunt_megastairs_2
Lair:6:   hangedman_lair_tendril_chambers, layout_regular_city,
          minmay_slime_entry_pillars, eino_house_with_fridge
Shoals:1: layout_shoals, ebering_ghost_davey_jones
Shoals:2: layout_shoals, ebering_ghost_reflecting_pool, uniq_polyphemus
Shoals:3: layout_shoals
Shoals:4: shoals_end_grunt_ice, layout_shoals, shoal_ilsuiw,
          gammafunk_ghost_split, uniq_louise
Snake:1:  layout_cave_pods, uniq_nikola, uniq_aizul, uniq_jorgrun
Snake:2:  layout_honeycomb, uniq_vashnia
Snake:3:  layout_rooms, uniq_saint_roka
Snake:4:  grunt_snake_rune_pools, layout_layer_cave, serial_bayou_shore_b
Slime:1:  layout_caves, amcnicky_altar_lugonu_corruption
Slime:2:  layout_caves, uniq_dissolution
Slime:3:  layout_caves, nicolae_slime_welcoming_committee
Slime:4:  layout_caves, nicolae_slime_round_cave
Slime:5
Orc:1:    minmay_goldmine, layout_caves, nicolae_volcano_entry_vermiform,
          chequers_guarded_unrand_ignorance
Orc:2:    st_orc_congregation, layout_caves, mines1_david, uniq_sonja,
          uniq_rupert, uniq_urug
Elf:1:    minmay_elf_arrival_summoners, layout_geoelf_diagonals, serial_shops,
          shop, kennysheep_underground_church
Elf:2:    layout_onion_city, minivault_27, minmay_shop_grove
Elf:3:    minmay_elf_hall_four_x, layout_rooms, minmay_misc_feat_rows,
          st_stairs_7, minmay_shoptagon
Vaults:1: nicolae_vaults_little_squares_5, hangedman_vaults_stitches,
          nicolae_vaults_little_squares_2, vaults_dpeg_cross,
          vaults_room_glass_cross, v_misc_19, v_misc_18, serial_ice_b,
          hangedman_vaults_locks, ontoclasm_vaults_idyll, v_alt_pattern_5,
          v_rooms_4, v_rooms_2, layout_vaults_maze_bifur,
          nicolae_trove_entry_path_of_doom
Vaults:2: v_pattern_5, dpeg_vaults_waves, v_misc_8,
          nicolae_vaults_ninety_degrees, v_alt_pattern_1,
          nicolae_vaults_mini_display_case, layout_vaults_omnigrid,
          serial_glass, serial_shops, nicolae_shop_stone, uniq_xtahua
Vaults:3: minmay_crypt_entry_necro_gods, nicolae_vaults_what_the_h,
          nicolae_vaults_alarming, v_pattern_1,
          nicolae_vaults_stairing_the_circle, vaults_dpeg_doors,
          v_alt_pattern_2, hangedman_vaults_stretched_pinwheel,
          layout_vaults_omnibox, portal_desolation_entry_nicolae_nacl,
          uniq_mara, uniq_frederick, uniq_margery
Vaults:4: dpeg_vaults_pockets_of_resistance, ontoclasm_vaults_loading_screen,
          nicolae_vaults_border_crossing, v_misc_18, hangedman_vaults_snaps,
          grunt_vaults_bifocal, hangedman_vaults_maws, v_misc_12,
          vaults_room_pool, hangedman_vaults_impose,
          nicolae_vaults_diagonal_hallway_7, ontoclasm_vaults_decontamination,
          ontoclasm_vaults_twist, layout_vaults_ring, serial_shops,
          nicolae_shop_waterfront
Vaults:5: serial_shops
Crypt:1:  layout_basic, basic_altar, st_stairs_5
Crypt:2:  layout_regular_city, minicrypt_bobbens
Crypt:3:  due_elkab, layout_chaotic_city, tomb_entry_simple_bobbens,
          uniq_bai_suzhen
Tomb:1
Tomb:2
Tomb:3

Skill      XL: |  1  2  3  4  5  6  7  8  9 10 11 12 13 14 15 16 17 18 19 20 21 22 23 24 |
---------------+-------------------------------------------------------------------------+-----
Unarmed Combat | 1 2 3 4 6 7 9 10 11 14 15 16 17 18 19 20 | 20.0
Fighting       | 1 2 4 5 6 7 9 10 11 12 13 14 15 16 17 18 20 | 20.0
Evocations     | 3 5 7 9 11 12 | 12.0
Armour         | 2 4 5 6 7 8 9 10 11 12 13 14 15 | 15.0
Throwing       | 2 4 5 6 7 10 11 12 | 12.0
Dodging        | 2 3 4 0 |  0.0
Shields        | 4 10 12 13 14 15 16 17 19 | 19.0
Stealth        | 0 |  0.0
Translocations | 3 6 8 10 | 10.0
Spellcasting   | 2 4 5 8 |  8.0
Conjurations   | |  0.7
Fire Magic     | |  2.4

Action                   |  1- 3 |  4- 6 |  7- 9 | 10-12 | 13-15 | 16-18 | 19-21 | 22-24 || total
-------------------------+-------+-------+-------+-------+-------+-------+-------+-------++-------
Melee: Unarmed           |   106 |   128 |   385 |   538 |  1689 |  1864 |  1643 |  1125 ||  7478
       Punch             |     1 |       |    15 |    12 |       |       |       |       ||    28
Throw: Dart              |     9 |    12 |     7 |    11 |    17 |       |     2 |       ||    58
       Boomerang         |       |       |       |    43 |    51 |   157 |   212 |   244 ||   707
 Cast: Apportation       |       |       |       |       |       |       |     5 |    43 ||    48
       Blink             |       |       |       |       |       |       |       |     6 ||     6
Invok: Reject Sacrifices |       |       |     1 |       |       |       |       |       ||     1
       Sacrifice Words   |       |       |       |     1 |       |       |       |       ||     1
       Sacrifice Arcana  |       |       |       |     1 |       |       |       |       ||     1
       Draw Out Power    |       |       |       |       |    12 |    18 |     9 |    13 ||    52
       Sacrifice Purity  |       |       |       |       |     1 |       |       |       ||     1
       Sacrifice Nimblen |       |       |       |       |     1 |       |       |       ||     1
       Apocalypse        |       |       |       |       |     5 |     3 |       |     2 ||    10
       Sacrifice Stealth |       |       |       |       |     1 |       |       |       ||     1
       Power Leap        |       |       |       |       |     1 |    11 |    11 |    34 ||    57
       Sacrifice Essence |       |       |       |       |     1 |       |       |       ||     1
       Sacrifice Love    |       |       |       |       |     1 |       |       |       ||     1
Evoke: Wand              |       |       |    11 |    32 |    18 |    31 |     8 |    18 ||   118
       Condenser vane    |       |       |       |       |     2 |     1 |     7 |     7 ||    17
       Phial of floods   |       |       |       |       |     2 |     1 |     2 |     1 ||     6
       Tin of tremorston |       |       |       |       |       |     3 |     5 |    12 ||    20
  Use: Scroll            |       |       |    17 |    13 |    11 |     9 |    11 |    29 ||    90
       Potion            |       |       |       |     2 |     1 |     2 |     1 |    15 ||    21
 Stab: Distracted        |       |       |       |       |    13 |     5 |     6 |     4 ||    28
       Invisible         |       |       |       |       |     5 |    15 |     9 |     3 ||    32
       Confused          |       |       |       |       |     1 |       |       |     2 ||     3
       Paralysed         |       |       |       |       |     9 |    20 |    11 |    20 ||    60
Armor: Chain mail        |    80 |    53 |   102 |       |       |       |       |       ||   235
       Plate armour      |       |       |   113 |   267 |   438 |   406 |   386 |   433 ||  2043
Dodge: Dodged            |    31 |    32 |    83 |    98 |    52 |    75 |    88 |   125 ||   584
       Repelled          |       |       |       |       |       |       |       |     7 ||     7
Block: Tower shield      |       |       |       |    68 |  1938 |  1902 |  1558 |  1503 ||  6969
       Buckler           |       |       |       |     1 |       |       |       |       ||     1
